 Dungeon Crawl Stone Soup version 0.30-a0-23-ge60ba3568b (webtiles) character file.

Game seed: 1700833385132315023

1346 siradein the Cleaver (level 8, -8/78 HPs)
             Began as a Hill Orc Fighter on Aug 25, 2022.
             Mangled by an orc warrior
             ... wielding a +2 glaive of venom
              (15 damage)
             ... on level 6 of the Dungeon.
             The game lasted 00:12:39 (6436 turns).

siradein the Cleaver (Hill Orc Fighter)             Turns: 6436, Time: 00:12:40

Health: -8/78      AC:  9    Str: 21    XL:     8   Next: 62%
Magic:  0/8        EV:  9    Int:  8    God:
Gold:   231        SH:  4    Dex: 10    Spells: 7/7 levels left

rFire   . . .      SeeInvis .    a - +0 war axe
rCold   . . .      Faith    .    c - +0 buckler
rNeg    . . .      Spirit   +    b - +0 scale mail
rPois   .          Reflect  .    e - +0 helmet
rElec   .          Harm     .    (no cloak)
rCorr   .          Rampage  .    i - +0 pair of gloves
Will    .....                    (no boots)
Stlth   ..........               y - amulet of guardian spirit
HPRegen 0.23/turn                (no ring)
MPRegen 0.11/turn                (no ring)

@: mighty, lethally poisoned (-8 -> -25)
A: no striking features
a: no special abilities


You were on level 6 of the Dungeon.
You visited 1 branch of the dungeon, and saw 6 of its levels.

You collected 231 gold pieces.

Inventory:

Hand Weapons
 a - a +0 war axe (weapon)
Missiles
 k - 48 stones (quivered)
 t - 2 boomerangs
 D - a throwing net
Armour
 b - a +0 scale mail (worn)
 c - a +0 buckler (worn)
 e - a +0 helmet (worn)
 i - a +0 pair of gloves (worn)
Jewellery
 y - an amulet of guardian spirit (around neck)
Wands
 x - a wand of iceblast (7)
Scrolls
 f - 3 scrolls of teleportation {unknown}
 g - 3 scrolls of fog {unknown}
 h - 2 scrolls of vulnerability {unknown}
 j - a scroll of immolation {unknown}
 l - a scroll of acquirement {unknown}
 o - a scroll of blinking {unknown}
 r - 2 scrolls of enchant weapon {unknown}
 s - a scroll of brand weapon
 v - a scroll of noise {unknown}
 w - a scroll of summoning
 C - a scroll of fear
 E - a scroll of poison {unknown}
 F - a scroll of identify
 G - a scroll of enchant armour {unknown}
Potions
 m - 2 potions of heal wounds
 n - 3 potions of brilliance
 p - a potion of mutation {unknown}
 q - a potion of attraction {unknown}
 u - a potion of flight {unknown}
 z - 5 potions of curing
 A - a potion of degeneration {unknown}
 B - 2 potions of haste {unknown}


   Skills:
 + Level 9.3 Fighting
 + Level 9.6 Axes
 - Level 3.2 Armour
 - Level 4.0 Shields


You had 7 spell levels left.
You didn't know any spells.
Your spell library contained the following spells:

 Spells                   Type           Power      Damage    Failure   Level
 Cause Fear               Hex            0%         N/A       100%        4
 Conjure Ball Lightning   Conj/Air       0%         3x3d6     100%        6
 Dragon Form              Tmut           0%         N/A       100%        7
 Discord                  Hex            0%         N/A       100%        8
 Disjunction              Tloc           0%         N/A       100%        8
 Dragon's Call            Summ           0%         N/A       100%        9


Dungeon Overview and Level Annotations

Branches:
Dungeon (6/15)             Temple (0/1) D:4

Altars:
Kikubaaqudgha
Trog
Uskayaw


Message History

The orc barely misses you.
The orc warrior hits you with a +2 glaive of venom!!
You are poisoned.
You block something's attack.
You barely miss the orc warrior.
The orc warrior is lightly wounded.
You closely miss the orc. You miss something.
You feel very sick. The orc hits you but does no damage.
The orc warrior barely misses you.
You hear some strange, mumbled words.
A puff of flame appears from out of thin air!
The puff of flame hits you.
You feel very mighty all of a sudden.
You feel sick. The orc hits you with a +0 flail.
The orc warrior hits you with a +2 glaive of venom!
You are more poisoned.
You hear some strange, mumbled words.
A puff of flame appears from out of thin air!
The puff of flame hits you!
You hit the orc warrior but do no damage.
The orc warrior is lightly wounded.
You slash the orc!
You kill the orc!
You barely miss something.
You feel extremely sick. Something hits you but does no damage.
The orc warrior hits you with a +2 glaive of venom!
* * * LOW HITPOINT WARNING * * *
You block the orc warrior's attack. Something hits you but does no damage.
You closely miss the orc warrior.
The orc warrior is lightly wounded.
You miss something.
* * * LOW HITPOINT WARNING * * *
You feel very sick.
You hear some strange, mumbled words.
A puff of flame appears from out of thin air!
The puff of flame hits you.
* * * LOW HITPOINT WARNING * * *
The orc warrior hits you with a +2 glaive of venom!
You die...

#........#
#....#####.##.#####
#....# #........#
+....# ####..##.#
#....# ##.##.#
#....### #.##.#
######......#
#....#
../...{o)...#
#)....
.......@....#
#.....
............#
#...>.
.........####
#..... .........#
#..... #######'##
#..... #.# #.....
#.# #..... #.#
#..... #.# #.....


You could see an orc warrior.

Vanquished Creatures
  A black bear (D:6)
  An ice beast (D:6)
  2 ogres
  A phantom (D:4)
  3 centaurs (D:6)
  2 bullfrogs (D:6)
  A scorpion (D:5)
  A hound (D:5)
  2 jellies (D:5)
  An orc priest (D:3)
  A gnoll bouda (D:6)
  An iguana (D:5)
  An orc wizard (D:3)
  12 gnolls
  7 adders
  3 worms (D:2)
  2 dart slugs
  14 orcs
  6 endoplasms
  5 giant cockroaches
  8 goblins
  4 hobgoblins
  2 jackals (D:1)
  6 kobolds
  5 quokkas
  10 ball pythons
  7 bats
  3 frilled lizards (D:2)
  6 rats
118 creatures vanquished.

Notes
Turn   | Place    | Note
-------+----------+-------------------------------------------
     0 | D:1      | siradein the Hill Orc Fighter began the quest for the Orb.
     0 | D:1      | Reached XP level 1. HP: 19/19 MP: 1/1
    84 | D:1      | Reached XP level 2. HP: 27/27 MP: 2/2
   574 | D:1      | Reached XP level 3. HP: 32/33 MP: 3/3
   790 | D:1      | Found a faded altar of an unknown god.
  1470 | D:2      | Reached XP level 4. HP: 39/41 MP: 4/4
  2165 | D:2      | Reached skill level 5 in Fighting
  2539 | D:3      | Found an ancient bone altar of Kikubaaqudgha.
  2566 | D:3      | Reached XP level 5. HP: 11/48 MP: 5/5
  2571 | D:3      | Reached skill level 5 in Axes
  3243 | D:3      | Found a bloodstained altar of Trog.
  3341 | D:3      | You fall into a shaft and drop 2 floors!
  3341 | D:5      | Entered Level 5 of the Dungeon
  3559 | D:4      | Found a hide-covered altar of Uskayaw.
  3620 | D:4      | Noticed a phantom
  3639 | D:4      | Killed a phantom
  3640 | D:4      | Reached XP level 6. HP: 31/57 MP: 6/6
  4365 | D:4      | Found a staircase to the Ecumenical Temple.
  4678 | D:5      | Reached XP level 7. HP: 58/64 MP: 7/7
  4816 | D:5      | Identified the +2 robe "Ygunnac" {rElec Dex+7 Stlth+}
  5661 | D:6      | Reached XP level 8. HP: 24/74 MP: 4/8
  6436 | D:6      | Mangled by an orc warrior

Illustrated notes

Levels and vault maps discovered:
D:1:      minmay_arrival_doors, layout_basic, shapermc_ecumenical_altar_ellora
D:2:      layout_loops_ring, minmay_between
D:3:      layout_basic, kiku_gazebo_pond_becter, old_standard_altar,
          chequers_serial_rivers_micro_a, minmay_bisected
D:4:      layout_loops_ring, nicolae_uskayaw_dance_hall,
          minmay_temple_entry_poolview, kennysheep_flooded_box
D:5:      layout_cave_pools
D:6:      layout_basic

Skill      XL: |  1  2  3  4  5  6  7  8 |
---------------+-------------------------+-----
Axes           | 3 4 6 8 9 |  9.6
Fighting       | 4 5 6 8 9 |  9.3
Shields        | 4 |  4.0
Armour         | |  3.2

Action                   |  1- 3 |  4- 6 |  7- 9 || total
-------------------------+-------+-------+-------++-------
Melee: War axe           |   105 |   166 |   120 ||   391
Throw: Stone             |     4 |       |       ||     4
  Use: Potion            |       |     3 |     1 ||     4
       Scroll            |       |     4 |     1 ||     5
Armor: Scale mail        |    43 |    78 |    61 ||   182
Dodge: Dodged            |    49 |    67 |    69 ||   185
Block: Buckler           |    24 |    36 |    25 ||    85

Table legend: (Time is in decaauts)
 A = Elapsed time spent in this place.
 B = Non-inter-level travel time spent in this place.
 C = Inter-level travel time spent in this place.
 D = Time resting spent in this place.
 E = Time spent auto-exploring this place.
 F = Levels seen in this place.
 G = Mean time per level.
                   A        B        C        D        E       F      G
               +--------+--------+--------+--------+--------+-----+--------+
         Total |   6544 |   6292 |    252 |    688 |   4671 |   6 | 1090.7 |
       Dungeon |   6544 |   6292 |    252 |    688 |   4671 |   6 | 1090.7 |
               +--------+--------+--------+--------+--------+-----+--------+

Top non-repeatable levels by time:
     D:2: 1492 daAuts
     D:1: 1338 daAuts
     D:5: 1203 daAuts
     D:4: 1059 daAuts
     D:3: 796 daAuts
     D:6: 654 daAuts
